[Event "*** Titled Tuesday Blitz"]
[Site "Chess.com"]
[Date "2021.03.02"]
[Round "6"]
[White "XxPetroffsxX"]
[Black "LogoCzar"]
[Result "0-1"]
[WhiteElo "2145"]
[BlackElo "2344"]
[TimeControl "180+1"]
[EndTime "11:05:50 PST"]
[Termination "LogoCzar won on time"]

1. d4 d5 2. c4 c6 3. Nf3 e6 4. cxd5 exd5 5. Nc3 f5 6. Bf4 Nf6 7. Qc2 Be7 8. e3 O-O 9. Bd3 Ne4 10. Bxb8 Rxb8 11.
O-O Bd6 12. Qb3 Kh8 13. Ne5 Nd2 14. Qc2 Nxf1 15. Rxf1 Bxe5 16. dxe5 Be6 17. Ne2 Qd7 18. f4 b6 19. Rf3 c5 20. Qc1 d4 21. exd4 cxd4 22. Rh3 Rbc8 23. Qe1 Bxa2 24. Qh4 g6 25.
Qg5 Kg8 26. Kf2 Bc4 27. Bxc4+ Rxc4 28. Rd3 Rc2 29. Qg3 Qb5 30. Qf3 Qxb2 31. Qd5+ Kg7 32. Qf3 Rfc8 33. e6 Rxe2+ 34. Qxe2 Rc2 0-1

[Event "*** Titled Tuesday Blitz"]
[Site "Chess.com"]
[Date "2021.03.02"]
[Round "6"]
[White "Walter_White_Poland"]
[Black "WonderChampion"]
[Result "1-0"]
[WhiteElo "2294"]
[BlackElo "2086"]
[TimeControl "180+1"]
[EndTime "11:05:50 PST"]
[Termination "Walter_White_Poland won on time"]

1. e4 c5 2. Nf3 g6 3. c4 Bg7 4. d4 cxd4 5. Nxd4 Nc6 6. Be3 Nf6 7.
Nc3 O-O 8. Be2 d5 9. cxd5 Ne5 10.
h3 Bd7 11. f4 Nh5 12. Bxh5 Nc4 13. Qe2 Nxe3 14. Qxe3 gxh5 15. O-O Qb6 16. Rad1 Rac8 17. e5 Rc4 18. b3 Rc7 19. Ne4 Rfc8 20. Kh1 a5 21. Ng5 1-0

[Event "*** Titled Tuesday Blitz"]
[Site "Chess.com"]
[Date "2021.03.02"]
[Round "6"]
[White "Fighter008"]
[Black "iturrizaga"]
[Result "0-1"]
[WhiteElo "2639"]
[BlackElo "2852"]
[TimeControl "180+1"]
[EndTime "11:05:51 PST"]
[Termination "iturrizaga won by resignation"]

1. e4 c5 2. Nf3 g6 3. h4 Nf6 4. Nc3 Nc6 5. h5 Nxh5 6. d4 cxd4 7. Nxd4 Bg7 8. Be3 d6 9. Qd2 Bd7 10. O-O-O Qa5 11. Kb1 Rc8 12. Be2 Nf6 13. Nb3 Qc7 14.
Bh6 Bxh6 15. Qxh6 a6 16. g4 Ne5 17. f3 b5 18. a3 a5 19. g5 Nh5 20. Rc1 b4 21.
Nd5 Qa7 22. f4 Ng4 23. Bxg4 Bxg4 24. f5 bxa3 25. Rh4 a4 26. Rxg4 axb3 27. cxb3 a2+ 0-1

[Event "*** Titled Tuesday Blitz"]
[Site "Chess.com"]
[Date "2021.03.02"]
[Round "6"]
[White "PotapovaM"]
[Black "superchess02"]
[Result "0-1"]
[WhiteElo "2532"]
[BlackElo "2784"]
[TimeControl "180+1"]
[EndTime "11:05:53 PST"]
[Termination "superchess02 won by resignation"]

1. d4 Nf6 2. c4 g6 3. Nc3 Bg7 4. e4 d6 5. h3 O-O 6. Be3 e5 7. d5 Na6 8. g4 Nc5 9. f3 a5 10.
Nge2 c6 11. Nc1 a4 12. Nd3 Nfd7 13. Qd2 f5 14. Bg5 Bf6 15. Bxf6 Qxf6 16. O-O-O Nxd3+ 17. Bxd3 Nc5 18. Kb1 fxg4 19. fxg4 Qf2 20. Rhf1 Qxd2 21.
Rxf8+ Kxf8 22. Rxd2 Ke7 23. Kc2 Bd7 24. Rf2 Nxd3 25.
Kxd3 h5 26. gxh5 gxh5 27. h4 a3 28. bxa3 Rg8 29. Rf3 Rg4 30. a4 Rxh4 31. a5 c5 32. Rg3 Rh3 33. Rxh3 Bxh3 34. Ke3 Bf1 35. Na4 Bxc4 36.
Nb6 Bxa2 37. Nc8+ Kd7 38. Nb6+ Kd8 39. Kf3 Bb3 40. Ke3 h4 41. Kf3 c4 42. a6 bxa6 0-1

[Event "*** Titled Tuesday Blitz"]
[Site "Chess.com"]
[Date "2021.03.02"]
[Round "6"]
[White "AniJak"]
[Black "fridaywins"]
[Result "1-0"]
[WhiteElo "2328"]
[BlackElo "2125"]
[TimeControl "180+1"]
[EndTime "11:05:55 PST"]
[Termination "AniJak won on time"]

1. e4 e5 2. Nf3 Nc6 3. Bb5 a6 4. Ba4 Nf6 5. O-O Be7 6. Re1 b5 7. Bb3 d6 8. h3 O-O 9. c3 Na5 10. Bc2 c5 11. d4 Nd7 12. Nbd2 cxd4 13. cxd4 Nc6 14. Nf1 Bf6 15. Be3 exd4 16. Nxd4 Nde5 17. b3 Bb7 18. Rc1 Rc8 19. Nf5 Nb4 20. Bb1 Rxc1 21. Bxc1 d5 22. a3 Nbc6 23. exd5 Na5 24. Bb2 Nd7 25. Bxf6 Qxf6 26. N1g3 g6 27. Nh6+ Kg7 28. Ng4 Qb2 29. Re7 1-0

[Event "*** Titled Tuesday Blitz"]
[Site "Chess.com"]
[Date "2021.03.02"]
[Round "6"]
[White "jerry_77"]
[Black "hermionegrangermagic"]
[Result "1-0"]
[WhiteElo "2483"]
[BlackElo "2593"]
[TimeControl "180+1"]
[EndTime "11:05:56 PST"]
[Termination "jerry_77 won by checkmate"]

1. e4 c5 2. Nc3 Nc6 3. Nf3 g6 4. d4 cxd4 5. Nxd4 Bg7 6. Be3 Nf6 7. Bc4 O-O 8. Bb3 d6 9. f3 Bd7 10. Qd2 Nxd4 11. Bxd4 b5 12. h4 h5 13. g4 hxg4 14.
h5 b4 15. Nd5 e5 16. hxg6 exd4 17. Qh2 Re8 18. Nxf6+ Qxf6 19. gxf7+ Kf8 20. fxe8=Q+ Rxe8 21. O-O-O g3 22. Qd2 a5 23. Kb1 a4 24. Bc4 a3 25. Bd3 Rb8 26. b3 Bb5 27. f4 Bxd3 28. Qxd3 Kg8 29. Rhg1 Qxf4 30. Rxg3 Qe5 31. Rdg1 Rb7 32.
Qc4+ Kh7 33. Rh3+ Bh6 34. Qg8# 1-0

[Event "*** Titled Tuesday Blitz"]
[Site "Chess.com"]
[Date "2021.03.02"]
[Round "6"]
[White "FMalexhdez"]
[Black "Xeniya2005"]
[Result "0-1"]
[WhiteElo "2148"]
[BlackElo "2349"]
[TimeControl "180+1"]
[EndTime "11:05:56 PST"]
[Termination "Xeniya2005 won by resignation"]

1. e4 e6 2. d4 d5 3. Nd2 c5 4. Ngf3 cxd4 5. exd5 Qxd5 6. Bc4 Qd6 7. O-O Nf6 8. Re1 Be7 9. Nb3 Nc6 10. Nbxd4 Nxd4 11.
Qxd4 Qxd4 12. Nxd4 a6 13. Bb3 Bd7 14. c3 O-O-O 15.
Bf4 Rhe8 16. h3 b6 17. Be5 Kb7 18. Rad1 Bc6 19. Nxc6 Kxc6 20. Bc2 h6 21. c4 Bc5 22. Bc3 Kc7 23. b4 Bd6 24. a3 Re7 25. Bd4 Red7 26. Ba4 Bh2+ 27. Kxh2 Rxd4 28. Bb3 Ne4 29. f3 Nd2 30. Bc2 Nxc4 31. Rc1 b5 32. Bb3 Kb6 33. Bxc4 bxc4 34. Re5 Rc8 35. Rc3 Rd3 36. Rxd3 cxd3 37. Re4 Rd8 38. Re1 Kb5 0-1

[Event "*** Titled Tuesday Blitz"]
[Site "Chess.com"]
[Date "2021.03.02"]
[Round "6"]
[White "Lysiak_Poltorak"]
[Black "DenisQ"]
[Result "1/2-1/2"]
[WhiteElo "2476"]
[BlackElo "2648"]
[TimeControl "180+1"]
[EndTime "11:05:57 PST"]
[Termination "Game drawn by agreement"]

1. d4 d5 2. c4 c6 3. Nc3 Nf6 4. Nf3 e6 5. Bg5 h6 6. Bxf6 Qxf6 7. e3 Nd7 8. Qc2 g6 9. Bd3 dxc4 10. Bxc4 Bg7 11.
e4 e5 12. dxe5 Nxe5 13. Nxe5 Qxe5 14. O-O-O O-O 15. g3 Bg4 16. f4 Qc5 17. Be2 Bxe2 18. Nxe2 Qxc2+ 19. Kxc2 Rfd8 20. Nc3 Kf8 21. Rxd8+ Rxd8 22. Re1 Ke7 23. Re2 Bd4 24. Rd2 f5 25. e5 g5 26. Ne2 Bf2 27. Rxd8 Kxd8 28. Kd3 Ke7 29. Nd4 Bxd4 30. Kxd4 b6 31. h4 g4 32. h5 1/2-1/2

[Event "*** Titled Tuesday Blitz"]
[Site "Chess.com"]
[Date "2021.03.02"]
[Round "6"]
[White "PavelShkapenko"]
[Black "HackingKid98"]
[Result "0-1"]
[WhiteElo "2669"]
[BlackElo "2464"]
[TimeControl "180+1"]
[EndTime "11:05:57 PST"]
[Termination "HackingKid98 won by resignation"]

1. e4 c6 2. d4 d5 3. e5 Bf5 4.
h4 h5 5. Bd3 Bxd3 6. Qxd3 e6 7. Bg5 Qa5+ 8. Nd2 Qa6 9. c4 Bb4 10. b3 Ne7 11. Ne2 Nf5 12. O-O Nd7 13.
Ng3 Bxd2 14. Nxf5 Bxg5 15. Nd6+ Ke7 16. hxg5 g6 17. Rfc1 h4 18. Qf3 Raf8 19. cxd5 exd5 20.
b4 h3 21. b5 Qb6 22. bxc6 bxc6 23. Rab1 Qxd4 24. Rxc6 hxg2 25. Rc7 Qxe5 26. Qxg2 Kxd6 27.
Rbb7 Qe1+ 0-1

[Event "*** Titled Tuesday Blitz"]
[Site "Chess.com"]
[Date "2021.03.02"]
[Round "6"]
[White "m_ezat"]
[Black "northridgehawk"]
[Result "1-0"]
[WhiteElo "2526"]
[BlackElo "2346"]
[TimeControl "180+1"]
[EndTime "11:05:57 PST"]
[Termination "m_ezat won by resignation"]

1. d4 Nf6 2. c4 g6 3. Nc3 d5 4.
Bf4 Bg7 5. e3 O-O 6. Rc1 Be6 7.
Qb3 c5 8. Qxb7 Qb6 9. Qxb6 axb6 10. a3 Nc6 11. Nf3 Ne4 12. cxd5 Nxc3 13. dxe6 Nd5 14.
exf7+ Rxf7 15. Bc4 e6 16. Bxd5 exd5 17. O-O c4 18. b3 b5 19. a4 Nb4 20. axb5 Nd3 21.
bxc4 Nxc1 22. Rxc1 dxc4 23. b6 Rb7 24. Bc7 c3 25. g3 Ra3 26. Kg2 Kf7 27. Ng5+ Ke7 28.
Ne4 Kd7 29. Nxc3 Bf8 30. Ne4 Ra5 31. Nf6+ Kc8 32. Bd6+ Kd8 33. Bxf8 Rxb6 34. Ne4 Rb2 35. Bh6 Raa2 36. d5 Kd7 37. Bf4 h6 38. h4 Kd8 39.
Bxh6 Rb5 40. Bg5+ Kd7 41. Bf4 Ra4 42. Nc5+ 1-0

[Event "*** Titled Tuesday Blitz"]
[Site "Chess.com"]
[Date "2021.03.02"]
[Round "6"]
[White "tusplingher"]
[Black "igorcadilhac"]
[Result "0-1"]
[WhiteElo "2246"]
[BlackElo "2413"]
[TimeControl "180+1"]
[EndTime "11:05:58 PST"]
[Termination "igorcadilhac won by resignation"]

1. e4 e5 2. Bc4 Nc6 3. Nf3 Nf6 4. d4 exd4 5. e5 d5 6. Bb5 Ne4 7. Nxd4 Bc5 8. Bxc6+ bxc6 9. O-O O-O 10. f3 Ng5 11. f4 Ne6 12. Be3 Bb6 13. c3 c5 14.
Nxe6 fxe6 15. a4 a5 16. Na3 Ba6 17. Rf3 Qe8 18. Nc2 Rd8 19. b4 axb4 20. cxb4 d4 21. Bf2 cxb4 22. Nxb4 Bb7 23. Rg3 c5 24. Nd3 c4 25. Nb2 c3 26. Nd3 Rf7 27. Qc2 Be4 28. Re1 Bf5 29. Rb1 Qc6 30. Ra1 Ra7 31. Rg5 Qc4 32.
Rd1 Rxa4 33. g4 Be4 34. f5 Ra2 35. Qb1 c2 36. Qxb6 cxd1=Q+ 0-1

[Event "*** Titled Tuesday Blitz"]
[Site "Chess.com"]
[Date "2021.03.02"]
[Round "6"]
[White "MalyDominator"]
[Black "FGHSMN"]
[Result "0-1"]
[WhiteElo "2495"]
[BlackElo "2674"]
[TimeControl "180+1"]
[EndTime "11:05:59 PST"]
[Termination "FGHSMN won by resignation"]

1. e4 c5 2. Nf3 e6 3. d4 cxd4 4. Nxd4 a6 5. Bd3 Nf6 6. O-O Qc7 7. Qe2 d6 8. c4 Be7 9. Nc3 O-O 10. Bd2 Nbd7 11.
Rae1 b6 12. f4 Re8 13. Kh1 Bb7 14. Nf3 g6 15. e5 Nh5 16. f5 exf5 17. e6 Bf6 18.
Nd5 Bxd5 19. cxd5 Nc5 20. Bxf5 gxf5 21. Nh4 fxe6 22. Qxh5 Qf7 23. Qxf7+ Kxf7 24. dxe6+ Rxe6 25. Nxf5 Rxe1 26. Rxe1 Bxb2 27. Nxd6+ Kg6 28. Nc4 Bd4 29. Re6+ Nxe6 0-1

[Event "*** Titled Tuesday Blitz"]
[Site "Chess.com"]
[Date "2021.03.02"]
[Round "6"]
[White "serhanberat_ozdemir"]
[Black "jposthuma"]
[Result "1-0"]
[WhiteElo "2546"]
[BlackElo "2710"]
[TimeControl "180+1"]
[EndTime "11:06:00 PST"]
[Termination "serhanberat_ozdemir won by checkmate"]

1. e4 c6 2. d4 d5 3. exd5 cxd5 4. c4 Nf6 5. Nc3 Nc6 6. Bg5 Qa5 7. Nf3 Ne4 8. cxd5 Nxg5 9. Nxg5 Nb8 10. Qf3 f6 11. Bb5+ Bd7 12. Bxd7+ Nxd7 13. Ne6 Rc8 14. O-O g6 15. Rfe1 Bh6 16. Re2 Kf7 17. Rae1 Rce8 18. d6 Qb4 19. Qd5 g5 20. Nxg5+ Kg6 21. Qf7+ Kxg5 22.
Ne4+ Kf4 23. g3+ Kf5 24. Qh5+ Ke6 25. d5# 1-0

[Event "*** Titled Tuesday Blitz"]
[Site "Chess.com"]
[Date "2021.03.02"]
[Round "6"]
[White "JimmmyZhang"]
[Black "KetiGrant"]
[Result "0-1"]
[WhiteElo "2475"]
[BlackElo "2355"]
[TimeControl "180+1"]
[EndTime "11:06:01 PST"]
[Termination "KetiGrant won by checkmate"]

1. d4 Nf6 2. Nf3 g6 3. Nc3 Bg7 4. Bg5 d5 5. e3 h6 6. Bh4 Nbd7 7. Bd3 c5 8. dxc5 Nxc5 9. O-O Nxd3 10. cxd3 O-O 11.
Rc1 a6 12. h3 Nh5 13. g4 Nf6 14. Bg3 h5 15. g5 Ne8 16. h4 Bh3 17. Re1 Bg4 18.
Kg2 f6 19. Qb3 e6 20. Nd4 fxg5 21. hxg5 Qxg5 22. f4 Qe7 23. Rh1 Nd6 24. Rce1 Qf7 25. Nf3 Nf5 26. Ng5 Qd7 27. Bf2 Bf6 28. e4 Nd4 29. Bxd4 Bxd4 30. exd5 Rxf4 31. Re4 Rf2+ 32.
Kg3 Qd6+ 33. Kh4 Rh2+ 34. Nh3 Bf6# 0-1

[Event "*** Titled Tuesday Blitz"]
[Site "Chess.com"]
[Date "2021.03.02"]
[Round "6"]
[White "Zhigalko_Sergei"]
[Black "Margency"]
[Result "1/2-1/2"]
[WhiteElo "2902"]
[BlackElo "2700"]
[TimeControl "180+1"]
[EndTime "11:06:03 PST"]
[Termination "Game drawn by repetition"]

1. e4 c5 2. Nf3 d6 3. d4 cxd4 4.
Qxd4 Nc6 5. Bb5 Bd7 6. Bxc6 Bxc6 7. Nc3 Nf6 8. Bg5 e6 9. O-O-O Be7 10. Rhe1 O-O 11. Kb1 b5 12. Bxf6 Bxf6 13. Qxd6 Qb6 14. Ne5 Rfc8 15. Nd7 Bxd7 16. Qxb6 axb6 17. Rxd7 Bxc3 18.
bxc3 Rxc3 19. Red1 g5 20. Rb7 Rc6 21. Rdd7 Rf8 22. f3 h5 23. Kb2 Kg7 24. Rbc7 Rxc7 25. Rxc7 Rd8 26. Kc1 Ra8 27. Kb2 Rd8 28. Kc1 Ra8 29.
Kb2 Rd8 1/2-1/2

[Event "*** Titled Tuesday Blitz"]
[Site "Chess.com"]
[Date "2021.03.02"]
[Round "6"]
[White "PelinGorki"]
[Black "FeketeBarika"]
[Result "0-1"]
[WhiteElo "2535"]
[BlackElo "2294"]
[TimeControl "180+1"]
[EndTime "11:06:04 PST"]
[Termination "FeketeBarika won on time"]

1. e4 e6 2. Nc3 d5 3. d4 Nf6 4. e5 Nfd7 5. f4 c5 6. Nf3 Nc6 7. dxc5 Nxc5 8. Bd3 Nxd3+ 9. cxd3 Be7 10. O-O O-O 11.
Bd2 b6 12. Kh1 Ba6 13. Ne1 Nb4 14. Rf3 d4 15. Ne4 Nd5 16. Rh3 g6 17. Qg4 Rc8 18. Rh6 Kg7 19. Qh3 Rh8 20. Nf3 Bxd3 21. Nfg5 Qg8 22. Qxd3 Kxh6 23. f5 exf5 24. Ne6+ Ne3 25. Qxd4 fxe6 26. Bxe3+ Kg7 27. Nf6 Qd8 28. Qh4 Bxf6 29.
exf6+ Qxf6 30. Qh6+ Kf7 31. Rd1 Rcd8 32. Re1 e5 33.
Bg5 Qg7 34. Qh4 Rd4 35. Qf2 Rc8 36. Qf1 e4 0-1

[Event "*** Titled Tuesday Blitz"]
[Site "Chess.com"]
[Date "2021.03.02"]
[Round "6"]
[White "KerryStead"]
[Black "CzechmVIII"]
[Result "1-0"]
[WhiteElo "2023"]
[BlackElo "2236"]
[TimeControl "180+1"]
[EndTime "11:06:06 PST"]
[Termination "KerryStead won by resignation"]

1. d4 Nf6 2. f3 c5 3. d5 e6 4.
c4 b5 5. dxe6 fxe6 6. cxb5 d5 7.
Bg5 Bd6 8. e3 O-O 9. Nc3 d4 10.
exd4 cxd4 11. Nce2 Bb4+ 12. Bd2 Bxd2+ 13. Qxd2 e5 14.
Ng3 Kh8 15. Bc4 Nbd7 16. N1e2 Nb6 17. b3 Nbd5 18. O-O Ne3 19. Rfe1 Nfd5 20. Ne4 Nxc4 21. bxc4 Ne3 22. Rac1 Be6 23. c5 Rc8 24. N2g3 Bd5 25.
a4 Qh4 26. Rxe3 Bxe4 27. Rxe4 Qe7 28. c6 a6 29. Rce1 h5 30. Rxe5 1-0

[Event "*** Titled Tuesday Blitz"]
[Site "Chess.com"]
[Date "2021.03.02"]
[Round "6"]
[White "Rodalquilar"]
[Black "SGchess01"]
[Result "0-1"]
[WhiteElo "2639"]
[BlackElo "2850"]
[TimeControl "180+1"]
[EndTime "11:06:07 PST"]
[Termination "SGchess01 won on time"]

1. d4 Nf6 2. Bf4 b6 3. e3 Bb7 4.
Nd2 g6 5. h3 Bg7 6. Ngf3 O-O 7.
Be2 c5 8. c3 d6 9. O-O Nbd7 10. Bh2 a6 11. a4 Ra7 12. Qb3 Qa8 13.
Rfd1 Rb8 14. Bc4 Bd5 15. Bxd5 Qxd5 16. Qxd5 Nxd5 17. e4 Nc7 18. e5 dxe5 19. dxe5 Ne6 20. Nc4 Kf8 21. Nfd2 Ke8 22. Ne4 Rc7 23. f4 b5 24.
axb5 axb5 25. Ne3 c4 26. Nd5 Rcb7 27. g4 Nec5 28. Nxc5 Nxc5 29. f5 Rd8 30. f6 exf6 31. exf6 Bh6 32. Nc7+ Rxc7 33. Bxc7 Rc8 34. Re1+ Kd7 35.
Re7+ Kc6 36. Bg3 Nd3 37. Ra6+ Kd5 38. Rb6 b4 39. cxb4 Rd8 40. Rb5+ Kd4 41. Be5+ Nxe5 42.
Rbxe5 Bf8 43. Re8 Rd6 44. Re4+ Kd3 45. Re3+ Kd2 46. Re2+ Kd3 47. Re1 Kd2 48. R8e2+ Kd3 49. Rd1+ Kxe2 0-1

[Event "*** Titled Tuesday Blitz"]
[Site "Chess.com"]
[Date "2021.03.02"]
[Round "6"]
[White "seorobert1971"]
[Black "Pogosian_Manvel"]
[Result "1-0"]
[WhiteElo "2653"]
[BlackElo "2437"]
[TimeControl "180+1"]
[EndTime "11:06:07 PST"]
[Termination "seorobert1971 won on time"]

1. d4 Nf6 2. c4 e6 3. Nc3 d5 4. Nf3 Be7 5. Bf4 O-O 6. e3 Nbd7 7. Rc1 c5 8. dxc5 Nxc5 9. cxd5 exd5 10. Be2 Bf5 11.
O-O Rc8 12. Nd4 Be6 13. Be5 a6 14. Re1 b5 15. Bf1 Qb6 16. a3 Rfd8 17. Nf3 Nce4 18. Bd4 Qb8 19. h3 Nxc3 20. Rxc3 Ne4 21. Rxc8 Rxc8 22. Bd3 Qc7 23. Qe2 h6 24. Rd1 Nc5 25. Be5 Qd7 26. Bb1 Qe8 27. Nd4 Bf8 28. Nxe6 Qxe6 29. Bd4 Ne4 30. Bd3 Re8 31. Qc2 Bd6 32. Rc1 Bb8 33. Bxe4 dxe4 34. Qc6 Qxc6 35. Rxc6 a5 36.
Ra6 1-0

[Event "*** Titled Tuesday Blitz"]
[Site "Chess.com"]
[Date "2021.03.02"]
[Round "6"]
[White "LEGENYA1998"]
[Black "WcmDominicToretto"]
[Result "1-0"]
[WhiteElo "2247"]
[BlackElo "1935"]
[TimeControl "180+1"]
[EndTime "11:06:07 PST"]
[Termination "LEGENYA1998 won on time"]

1. e4 c5 2. Nf3 Nc6 3. d4 cxd4 4. Nxd4 g6 5. Be3 Bg7 6. Nc3 Nf6 7. Nxc6 bxc6 8. Be2 O-O 9. O-O e5 10. Bc5 Re8 11. Bd6 Qb6 12. b3 Re6 13. Bc4 Re8 14. Na4 Qa5 15. f3 Ba6 16. Qd3 Bxc4 17. Qxc4 Re6 18.
Rad1 Ne8 19. Ba3 Rd8 20. Qc5 Qa6 21. Qc3 d5 22. Nc5 Qb6 23. Kh1 Rf6 24. Na4 Qa6 25.
Be7 d4 26. Qc4 Qc8 27. Bxf6 Nxf6 28. Nc5 Nh5 29. c3 Nf4 30. cxd4 exd4 31. Nd3 Nh5 32. Rc1 Rd6 33. e5 Re6 34. f4 Bf8 35. Qxd4 1-0

[Event "*** Titled Tuesday Blitz"]
[Site "Chess.com"]
[Date "2021.03.02"]
[Round "6"]
[White "Hikaru"]
[Black "TigrVShlyape"]
[Result "1-0"]
[WhiteElo "3246"]
[BlackElo "2902"]
[TimeControl "180+1"]
[EndTime "11:06:12 PST"]
[Termination "Hikaru won on time"]

1. e4 c5 2. Nf3 e6 3. c3 Nf6 4. Bd3 d6 5. Bc2 Nc6 6. d4 cxd4 7. cxd4 Nb4 8. Ba4+ Bd7 9. Nc3 d5 10. Ne5 dxe4 11.
O-O Nc6 12. Bg5 Be7 13. Bxf6 Bxf6 14. Nxe4 Be7 15. Nxd7 Qxd7 16. Nc3 Rd8 17. Qg4 O-O 18. Rfd1 Bf6 19. Ne4 Qe7 20. Bxc6 bxc6 21. Nxf6+ Qxf6 22. Rac1 Rd6 23. Qe4 Rc8 24. b4 a6 25. a4 Qg6 26.
Qe2 Ra8 27. Qe5 Rd5 28. Qc7 h6 29. Qxc6 Rdd8 30. h3 1-0

[Event "*** Titled Tuesday Blitz"]
[Site "Chess.com"]
[Date "2021.03.02"]
[Round "6"]
[White "c_r_e_e_p_e_r"]
[Black "PushingpawnsNYC"]
[Result "0-1"]
[WhiteElo "2410"]
[BlackElo "2308"]
[TimeControl "180+1"]
[EndTime "11:06:13 PST"]
[Termination "PushingpawnsNYC won by checkmate"]

1. d4 Nf6 2. c4 g6 3. Nc3 Bg7 4. f3 d6 5. e4 O-O 6. Nge2 e5 7. d5 c6 8. Bg5 h6 9. Be3 a6 10. Qd2 Kh7 11. O-O-O c5 12. g4 b5 13. Ng3 Nbd7 14.
h4 Ng8 15. h5 g5 16. Nf5 Nb6 17. cxb5 axb5 18. Nxb5 Rxa2 19. Nbxd6 Bxf5 20. Nxf5 Na4 21. Qc2 Qb6 22. Bc4 Rxb2 23. Qxa4 Rb4 24. Qc2 Ra8 25. Ba2 Rba4 26. Bxc5 Qa5 27. Bb1 Rc8 28. Nxg7 Rxc5 29. Nf5 Rxc2+ 30. Bxc2 Ra1+ 31. Kb2 Qa3# 0-1

[Event "*** Titled Tuesday Blitz"]
[Site "Chess.com"]
[Date "2021.03.02"]
[Round "6"]
[White "urutodo"]
[Black "AntonovaNadezhda"]
[Result "1-0"]
[WhiteElo "2301"]
[BlackElo "2127"]
[TimeControl "180+1"]
[EndTime "11:06:14 PST"]
[Termination "urutodo won by resignation"]

1. e4 c5 2. Nf3 d6 3. c3 Nf6 4.
Bd3 g6 5. Bc2 Bg7 6. O-O O-O 7.
Re1 b6 8. h3 Bb7 9. d4 cxd4 10.
cxd4 Nc6 11. Nc3 Rc8 12. Be3 Nb4 13. Bb1 a6 14. d5 a5 15. a3 Na6 16. Bc2 Nc5 17.
Qd2 Re8 18. Rac1 Nfd7 19. Bd4 Ne5 20. Nxe5 dxe5 21. Be3 Ba6 22. b4 axb4 23. axb4 Nd7 24. Ba4 Rc7 25. Bc6 Rf8 26. b5 Bc8 27. Na4 f5 28. f3 fxe4 29. fxe4 Nf6 30. Bxb6 Bd7 31. Bxc7 Qxc7 32. b6 Qd8 33. b7 h5 34. Qb4 Bh6 35. Bxd7 Nxd7 36. Rc8 Qxc8 37. bxc8=Q Rxc8 38. Qxe7 Nf8 1-0

[Event "*** Titled Tuesday Blitz"]
[Site "Chess.com"]
[Date "2021.03.02"]
[Round "6"]
[White "KroshkaKami"]
[Black "turayev_shahruh17"]
[Result "1-0"]
[WhiteElo "2403"]
[BlackElo "2466"]
[TimeControl "180+1"]
[EndTime "11:06:15 PST"]
[Termination "KroshkaKami won by resignation"]

1. e4 e5 2. Nf3 Nc6 3. Bb5 f5 4. d3 fxe4 5. dxe4 d6 6. Bc4 Bg4 7. Nc3 Nf6 8. O-O Nd4 9. Be3 Nxf3+ 10. gxf3 Bh3 11. Re1 Be7 12. f4 Ng4 13. Qf3 Nxe3 14. Rxe3 Bd7 15. fxe5 Qc8 16. Qf7+ Kd8 17. e6 Bc6 18.
Rf3 a6 19. a4 b6 20. Qxg7 Re8 21. Rf7 Qb7 22. Bd5 b5 23. Bxc6 Qxc6 24. Nd5 Kc8 25.
Rxe7 Ra7 26. axb5 Qxb5 27. Rxc7+ 1-0

[Event "*** Titled Tuesday Blitz"]
[Site "Chess.com"]
[Date "2021.03.02"]
[Round "6"]
[White "rachidhuilda"]
[Black "SlavenPastar"]
[Result "0-1"]
[WhiteElo "2290"]
[BlackElo "2574"]
[TimeControl "180+1"]
[EndTime "11:06:15 PST"]
[Termination "SlavenPastar won on time"]

1. d4 b6 2. e4 Bb7 3. Bd3 Nf6 4.
Qe2 e6 5. Nf3 d5 6. Nbd2 dxe4 7.
Nxe4 Nbd7 8. Bg5 Be7 9. Nxf6+ Nxf6 10. O-O-O Qd5 11. Kb1 O-O 12. Rhe1 Qa5 13. Bd2 Qh5 14. h3 Rfd8 15. c3 c5 16. dxc5 Bxc5 17. Bc2 Rd7 18. Bc1 Rad8 19. Rxd7 Rxd7 20. Rd1 Bxf3 21. Qxf3 Qxf3 22.
gxf3 Bxf2 23. Rxd7 Nxd7 24. b4 f5 25. c4 Kf7 26.
Kb2 Ne5 27. Kb3 Nxf3 28. a4 Nd4+ 29. Kc3 Nxc2 30. Kxc2 e5 31. c5 bxc5 32. b5 Ke6 33. a5 Kd7 0-1

[Event "*** Titled Tuesday Blitz"]
[Site "Chess.com"]
[Date "2021.03.02"]
[Round "6"]
[White "Alniro4"]
[Black "gatocorbis"]
[Result "0-1"]
[WhiteElo "2275"]
[BlackElo "2071"]
[TimeControl "180+1"]
[EndTime "11:06:15 PST"]
[Termination "gatocorbis won on time"]

1. e4 c5 2. c3 g6 3. d4 Bg7 4. dxc5 Qc7 5. Be3 Nf6 6. f3 O-O 7. Nd2 Nc6 8. Nb3 a5 9. Nd4 Ne5 10.
Nb5 Qc6 11. a4 Rd8 12. Qd2 d5 13. cxd6 exd6 14. Bd4 Be6 15. Be2 Bc4 16. Nh3 Bxe2 17. Qxe2 Nc4 18. O-O Nd7 19. Bxg7 Kxg7 20. Nd4 Qc5 0-1

[Event "*** Titled Tuesday Blitz"]
[Site "Chess.com"]
[Date "2021.03.02"]
[Round "6"]
[White "SergeyShtyka"]
[Black "QuintilianoR"]
[Result "1-0"]
[WhiteElo "2473"]
[BlackElo "2686"]
[TimeControl "180+1"]
[EndTime "11:06:16 PST"]
[Termination "SergeyShtyka won by checkmate"]

1. e4 c5 2. Nf3 d6 3. d4 cxd4 4. Nxd4 Nf6 5. Nc3 a6 6. Bd3 e5 7. Nf3 Be7 8. O-O O-O 9. Bg5 Be6 10. Qe2 Nbd7 11. Bc4 b5 12. Bxe6 fxe6 13. Rad1 Qc7 14.
a3 Nb6 15. Rd3 Nc4 16. Nd1 Qc6 17. Nd2 Nb6 18. f4 exf4 19. Bxf4 Rac8 20. c3 Nfd7 21. Rg3 Ne5 22. Bh6 Ng6 23. Be3 Bf6 24. Qg4 Rce8 25. Rh3 Ne5 26. Qh5 h6 27. Bxh6 gxh6 28. Qxh6 Qc7 29.
Rxf6 Rxf6 30. Qxf6 Re7 31. Rh8# 1-0

[Event "*** Titled Tuesday Blitz"]
[Site "Chess.com"]
[Date "2021.03.02"]
[Round "6"]
[White "The_filthy"]
[Black "ErikRonka"]
[Result "1-0"]
[WhiteElo "2345"]
[BlackElo "2450"]
[TimeControl "180+1"]
[EndTime "11:06:16 PST"]
[Termination "The_filthy won by resignation"]

1. e4 c6 2. Nf3 d5 3. Nc3 dxe4 4.
Nxe4 Nd7 5. Bc4 Ngf6 6. Neg5 e6 7.
Qe2 Nb6 8. Bb3 h6 9. Ne4 Be7 10. d4 a5 11. a4 Nbd5 12. Ng3 O-O 13. O-O b5 14. Ne5 Qb6 15. Rd1 Ba6 16. Qf3 Rfd8 17. Nh5 Kf8 18. Qh3 Ra7 19. Nxg7 Bd6 20. Qxh6 Ke7 21.
Bg5 Rg8 22. Bxd5 Rxg7 23. Bxf6+ Kf8 24. Qxg7+ Ke8 25. Bxc6+ 1-0

[Event "*** Titled Tuesday Blitz"]
[Site "Chess.com"]
[Date "2021.03.02"]
[Round "6"]
[White "Manukyan_Artak"]
[Black "Brave_spirit12"]
[Result "0-1"]
[WhiteElo "2337"]
[BlackElo "2521"]
[TimeControl "180+1"]
[EndTime "11:06:17 PST"]
[Termination "Brave_spirit12 won by resignation"]

1. e4 e6 2. d4 d5 3. e5 c5 4. c3 Nc6 5. Nf3 Qb6 6. a3 f6 7.
b4 c4 8. a4 fxe5 9. Nxe5 Nxe5 10. dxe5 g6 11. f4 Bg7 12. Qd4 Qc7 13. Na3 a6 14.
Be3 Nh6 15. Qc5 Qd8 16. Nc2 Bf8 17. Qb6 Nf5 18. Qxd8+ Kxd8 19. Bb6+ Ke8 20. Nd4 Bd7 21. Nxf5 gxf5 22. g3 h5 23. h4 Kf7 24. Kf2 Rc8 25.
Bg2 Be7 26. Rhb1 Rhg8 27. b5 axb5 28. axb5 Ra8 29. Rxa8 Rxa8 30. Bd4 Ra2+ 31. Kg1 Kg6 32.
Bf3 Ra5 33. b6 Bc5 34. Bxc5 Rxc5 35. Kf2 Ra5 36. Ke3 Ra2 37. Rf1 Rb2 38. Kd4 Rxb6 39. Ra1 Rb2 40. Ra8 b6 41. Rg8+ Kf7 42. Rb8 Rd2+ 43. Ke3 Rd3+ 44. Kf2 Rxc3 45. Bxh5+ Ke7 46. Rxb6 Rb3 47. Rd6 c3 48. Bd1 Rb1 49. Ke2 Bb5+ 50. Ke3 Rxd1 0-1

[Event "*** Titled Tuesday Blitz"]
[Site "Chess.com"]
[Date "2021.03.02"]
[Round "6"]
[White "Piacramling"]
[Black "marvinguevara"]
[Result "1-0"]
[WhiteElo "2301"]
[BlackElo "2113"]
[TimeControl "180+1"]
[EndTime "11:06:17 PST"]
[Termination "Piacramling won on time"]

1. Nf3 c5 2. c4 Nc6 3. d4 cxd4 4. Nxd4 e5 5. Nb5 d6 6. e4 a6 7. N5c3 Nf6 8. Be2 Be6 9. Be3 Be7 10. Nd5 Bxd5 11. cxd5 Nb8 12. Nc3 b5 13. b4 Nbd7 14. a4 Rc8 15. Qb3 bxa4 16. Rxa4 O-O 17. O-O Rxc3 18. Qxc3 Nxe4 19. Qc2 f5 20. Bd3 Nb6 21. Rxa6 Nxd5 22. Bc4 Nf6 23. Qb3 Kh8 24. Bxd5 f4 25. Bb6 Qc8 26. Ra7 e4 27. Rxe7 f3 28. Be6 Qa6 29. Be3 Qe2 30. Qa2 Qd3 31. Bc4 Ng4 32. Bxd3 1-0